 Dungeon Crawl Stone Soup version 0.31-a0-1572-g1b1bae7 (webtiles) character file.

Game seed: 12032440148092192576

404 PidgeyThePirate the Gusty (level 6, -6/34 HPs)
             Began as a Tengu Air Elementalist on Dec 9, 2023.
             Mangled by an orc
             ... wielding a +6 scimitar
              (15 damage)
             ... on level 3 of the Dungeon on Jan 3, 2024.
             The game lasted 00:08:12 (2950 turns).

PidgeyThePirate the Gusty (Tengu Air Elementalist)  Turns: 2950, Time: 00:08:13

Health: -6/34      AC:  2    Str: 10    XL:     6   Next: 86%
Magic:  11/11      EV: 27    Int: 16    God:
Gold:   162        SH:  0    Dex: 10    Spells: 5/11 levels left

rFire   . . .        l - +9 dagger "Eci Ropett" {flame, +Blink rN+ Dex-4}
rCold   . . .        (no shield)
rNeg    + . .        o - +0 robe {Will+}
rPois   .            (helmet restricted)
rElec   .            (no cloak)
rCorr   .            (no gloves)
SInv    .            (boots unavailable)
Will    +....        g - amulet of magic regeneration
Stlth   ++           (no ring)
HPRegen 0.25/turn    (no ring)
MPRegen 0.52/turn

%: random rage (3%), acrobat
@: acrobatic
A: beak, talons 3, acrobatic, berserk 1, mutation resistance 1, sense
surroundings 1
a: Evoke Blink


You were on level 3 of the Dungeon.
You visited 1 branch of the dungeon, and saw 3 of its levels.

You collected 162 gold pieces.

Inventory:

Hand Weapons
 l - the +9 dagger "Eci Ropett" (weapon) {flame, +Blink rN+ Dex-4}
   (You found it on level 2 of the Dungeon)

   Dex-4:     It affects your dexterity (-4).
   rN+:       It protects you from negative energy.
   +Blink:    It lets you blink.
Armour
 a - a +0 robe
 o - a +0 robe of willpower (worn)
Jewellery
 g - an amulet of magic regeneration (around neck)
Scrolls
 d - 2 scrolls of blinking {unknown}
 e - a scroll of fog {unknown}
 i - a scroll of fear {unknown}
 k - 2 scrolls of identify {unknown}
 m - a scroll of acquirement {unknown}
 n - a scroll of revelation {unknown}
 p - a scroll of teleportation {unknown}
Potions
 b - a potion of magic
 c - a potion of curing
 f - a potion of heal wounds


   Skills:
 + Level 1.3 Fighting
 + Level 1.7 Short Blades
 + Level 3.7 Dodging
 + Level 3.4 Stealth
 + Level 2.1 Unarmed Combat
 + Level 3.3 Spellcasting
 + Level 3.0 Conjurations
 + Level 5.2 Air Magic


You had 5 spell levels left.
You knew the following spells:

 Your Spells              Type           Power      Damage    Failure   Level
a - Shock                 Conj/Air       60%        1d6       3%          1
b - Static Discharge      Conj/Air       30%        3-5/arc   4%          2
c - Swiftness             Air            19%        N/A       6%          3

Your spell library contained the following spells:

 Spells                   Type           Power      Damage    Failure   Level
 Slow                     Hex            8%         N/A       19%         1
 Airstrike                Air            9%         2d(2-18)  22%         4
 Ensorcelled Hibernation  Hex/Ice        4%         N/A       28%         2
 Sublimation of Blood     Necr           2%         N/A       28%         2
 Call Canine Familiar     Summ           2%         N/A       50%         3
 Confusing Touch          Hex            2%         N/A       50%         3
 Sigil of Binding         Hex            2%         N/A       50%         3
 Tukima's Dance           Hex            2%         N/A       50%         3
 Vampiric Draining        Necr           2%         2d6       50%         3
 Anguish                  Hex/Necr       1%         N/A       88%         4
 Dimensional Bullseye     Hex/Tloc       1%         N/A       88%         4
 Petrify                  Alch/Erth      2%         N/A       88%         4
 Irradiate                Conj/Alch      3%         3d12      95%         5
 Enfeeble                 Hex            1%         N/A       100%        7


Dungeon Overview and Level Annotations

Branches:
Dungeon (3/15)

Altars:
Kikubaaqudgha
Uskayaw
Wu Jian
Xom
Yredelemnul
Zin


Innate Abilities, Weirdness & Mutations

You have a beak for a mouth.
You have claws for feet.
You can magically evade attacks while moving or waiting.
You sometimes lose your temper in combat.
You are somewhat resistant to further mutation.
You passively map a small area around you.


Message History

The orc is severely wounded.
You barely miss the orc. Your kick misses the orc.
The orc is severely wounded.
The orc misses you. The orc closely misses you.
You closely miss the orc. Your kick misses the orc.
The orc is severely wounded.
The orc completely misses you. The orc hits you with a +6 scimitar!
* * * LOW HITPOINT WARNING * * *
You hit the orc but do no damage. Your kick misses the orc.
You peck the orc, but do no damage.
The orc is severely wounded.
The orc attacks as it pursues you! The orc completely misses you.
Things that are here:
a +0 hand axe; an orc corpse You feel yourself slow down.
Things that are here:
a +0 flail; a +0 ring mail You puncture the orc!
You burn the orc.
You kill the orc!
Cast which spell? (? or * to list)
Okay, then.
Cast which spell? (? or * to list)
You don't know that spell.
Cast which spell? (? or * to list)
Aiming: Shock (safe; 3% risk of failure)
Press: ? - help, Shift-Dir - straight line, f - orc
Aim: an orc, wielding a +6 scimitar and wearing a +2 scale mail (severely wounded, 75% to hit)
The zap hits the orc.
The orc is severely wounded.
Casting: Shock (safe; 3% risk of failure)
Confirm with . or Enter, or press ? or * to list all spells.
Aiming: Shock (safe; 3% risk of failure)
Press: ? - help, Shift-Dir - straight line, f/p - orc
Aim: an orc, wielding a +6 scimitar and wearing a +2 scale mail (severely wounded, 75% to hit)
The zap hits the orc but does no damage.
The orc is severely wounded.
The zap hits the orc.
The orc is heavily wounded.
The orc attacks as it pursues you! The orc hits you with a +6 scimitar!
You die...

.......................#.........
.......................#.#8#..8..
########.######..#######.###.....
########..# #...## #....#####
..........###.### #.........
########......# ########'''#
##..##### #.8......... #
#...############........... ##
#...#...).@o.o....####...## .##
##...#.##########...))).###
..####....#.#.###.##.#..######
.....>.#..#.#....<...#..#
..........#.#.####.#.#..#
...[......#.#......#.#..#
######.##.#.########.#..# #
#.................#..# #
#.#.##.#.##########..#


You could see 2 orcs.

Vanquished Creatures
  The ghost of ironshield the Caller, an amateur DsSu (D:3)
  A sky beast (D:3)
  A howler monkey zombie (D:3)
  A gnoll (D:3)
  3 adders
  An adder zombie (D:3)
  A dart slug (D:3)
  6 orcs (D:3)
  5 ball pythons
  2 endoplasms
  A giant cockroach (D:1)
  5 goblins
  11 hobgoblins
  4 jackals
  9 kobolds
  4 quokkas
  9 bats
  2 frilled lizards
  6 rats
73 creatures vanquished.

Notes
Turn   | Place    | Note
-------+----------+-------------------------------------------
     0 | D:1      | PidgeyThePirate the Tengu Air Elementalist began the quest
                  | for the Orb.
     0 | D:1      | Reached XP level 1. HP: 10/10 MP: 4/4
   218 | D:1      | Reached XP level 2. HP: 2/15 MP: 4/6
   471 | D:1      | Learned a level 2 spell: Static Discharge
   595 | D:1      | Reached XP level 3. HP: 10/19 MP: 7/7
  1038 | D:2      | Learned a level 3 spell: Swiftness
  1118 | D:2      | Found a glowing silver altar of Zin.
  1127 | D:2      | Identified the +9 dagger "Eci Ropett" {flame, +Blink rN+
                  | Dex-4}
  1223 | D:2      | Upgraded the game from 0.31-a0-1168-gf5c68a8 to
                  | 0.31-a0-1178-gc5c9b8f
  1223 | D:2      | Upgraded the game from 0.31-a0-1178-gc5c9b8f to
                  | 0.31-a0-1572-g1b1bae7
  1490 | D:2      | Reached XP level 4. HP: 24/24 MP: 8/8
  1576 | D:3      | Noticed a sky beast
  1584 | D:3      | Killed a sky beast
  1585 | D:3      | Reached skill level 1 in Unarmed Combat
  1585 | D:3      | Reached skill level 5 in Air Magic
  1585 | D:3      | Reached XP level 5. HP: 17/28 MP: 8/10
  2286 | D:3      | Found a shimmering altar of Xom.
  2512 | D:3      | Found a basalt altar of Yredelemnul.
  2572 | D:3      | Found a runed translucent gate.
  2573 | D:3      | Found a runed translucent gate.
  2575 | D:3      | Found a runed translucent gate.
  2578 | D:3      | Noticed ironshield's ghost (amateur DsSu)
  2587 | D:3      | Got the Encyclopedia of Execration
  2749 | D:3      | Found a hide-covered altar of Uskayaw.
  2756 | D:3      | Found an ancient bone altar of Kikubaaqudgha.
  2761 | D:3      | Found an ornate altar of the Wu Jian Council.
  2885 | D:3      | Gained mutation: You are partially covered in large bone
                  | plates. (SH +4) [potion of mutation]
  2885 | D:3      | Gained mutation: Your body sometimes deteriorates upon
                  | taking damage. [potion of mutation]
  2885 | D:3      | Gained mutation: You are covered in fur. (AC +1) [potion of
                  | mutation]
  2886 | D:3      | Lost mutation: You are covered in fur. (AC +1) [potion of
                  | mutation]
  2886 | D:3      | Lost mutation: Your body sometimes deteriorates upon taking
                  | damage. [potion of mutation]
  2886 | D:3      | Gained mutation: You sometimes lose your temper in combat.
                  | [potion of mutation]
  2886 | D:3      | Gained mutation: You are weak. (Str -2) [potion of
                  | mutation]
  2886 | D:3      | Gained mutation: You passively map a small area around you.
                  | [potion of mutation]
  2887 | D:3      | Lost mutation: You passively map a small area around you.
                  | [potion of mutation]
  2887 | D:3      | Lost mutation: You are weak. (Str -2) [potion of mutation]
  2887 | D:3      | Lost mutation: You are partially covered in large bone
                  | plates. (SH +4) [potion of mutation]
  2887 | D:3      | Gained mutation: You passively map a small area around you.
                  | [potion of mutation]
  2887 | D:3      | Gained mutation: You are somewhat resistant to further
                  | mutation. [potion of mutation]
  2923 | D:3      | Killed ironshield's ghost
  2924 | D:3      | Reached skill level 1 in Fighting
  2924 | D:3      | Reached skill level 1 in Short Blades
  2924 | D:3      | Reached XP level 6. HP: 26/34 MP: 11/11
  2950 | D:3      | Mangled by an orc

Illustrated notes

Levels and vault maps discovered:
D:1:      nagdon_arrival_double_spiral, layout_loops_ring,
          hangedman_decor_diamond_cutter
D:2:      layout_basic, basic_altar, kennysheep_nondescript, kennysheep_doodads,
          minmay_misc_feat_tiny
D:3:      layout_basic, lemuel_zombie_altar_yredelemnul,
          minmay_overflow_temple_star_quad, lemuel_crystal_altar,
          biasface_ghost_orc_armoury, minmay_quantized

Skill      XL: |  1  2  3  4  5 |
---------------+----------------+-----
Dodging        | 3 |  3.7
Unarmed Combat | 1 2 |  2.1
Conjurations   | 2 3 |  3.0
Air Magic      | 5 |  5.2
Spellcasting   | 3 |  3.3
Fighting       | 1 |  1.3
Short Blades   | 1 |  1.7
Stealth        | 3 |  3.4

Action                     |  1- 3 |  4- 6 || total
---------------------------+-------+-------++-------
  Melee: Unarmed           |    63 |       ||    63
         Peck              |    17 |     9 ||    26
         Kick              |    14 |    10 ||    24
         Punch             |     3 |     1 ||     4
         Dagger            |    12 |    87 ||    99
   Cast: Shock             |    36 |     2 ||    38
    Use: Potion            |       |     6 ||     6
   Stab: Sleeping          |     4 |     1 ||     5
 Armour: Robe              |    36 |    30 ||    66
  Dodge: Dodged            |    79 |    68 ||   147

Table legend: (Time is in decaauts)
 A = Elapsed time spent in this place.
 B = Non-inter-level travel time spent in this place.
 C = Inter-level travel time spent in this place.
 D = Time resting spent in this place.
 E = Time spent auto-exploring this place.
 F = Levels seen in this place.
 G = Mean time per level.
                   A        B        C        D        E       F      G
               +--------+--------+--------+--------+--------+-----+--------+
         Total |   2929 |   2829 |    100 |      0 |   2269 |   3 |  976.3 |
       Dungeon |   2929 |   2829 |    100 |      0 |   2269 |   3 |  976.3 |
               +--------+--------+--------+--------+--------+-----+--------+

Top non-repeatable levels by time:
     D:3: 1355 daAuts
     D:1: 999 daAuts
     D:2: 574 daAuts
